 Dungeon Crawl Stone Soup version 0.22-b1-59-g0aedee7 (webtiles) character file.

710 Lew the Skirmisher (level 7, -4/50 HPs)
             Began as a Gargoyle Wanderer on Aug 9, 2018.
             Was a Follower of Dithmenos.
             Killed from afar by an orc warrior (5 damage)
             ... with a wand of flame (21)
             ... on level 7 of the Dungeon.
             The game lasted 00:11:41 (4512 turns).

Lew the Skirmisher (Gargoyle Wanderer)              Turns: 4512, Time: 00:11:41

Health: -4/50      AC:  9    Str: 18    XL:     7   Next: 68%
Magic:  18/18      EV: 11    Int: 14    God:    Dithmenos [*.....]
Gold:   297        SH:  0    Dex:  7    Spells: 6/6 levels left

rFire    . . .     SeeInvis +   g - +0 dagger
rCold    . . .     Gourm    .   (no shield)
rNeg     + . .     Faith    .   e - +0 robe
rPois    ∞         Spirit   .   (no helmet)
rElec    +         Reflect  .   (no cloak)
rCorr    .         Harm     .   (no gloves)
MR       .....                  (no boots)
Stlth    ++........             p - amulet of rage
HPRegen  0.16/turn              x - ring of see invisible
MPRegen  0.16/turn              w - ring of magical power

@: wreathed by umbra
A: hooves 1, yellow scales 1, negative energy resistance 1, robust 1,
electricity resistance, unbreathing, petrification resistance, rot immunity, AC
+4
a: Renounce Religion, Evoke Berserk Rage


You were on level 7 of the Dungeon.
You worshipped Dithmenos.
Dithmenos was aware of your devotion.
You were not hungry.

You visited 1 branch of the dungeon, and saw 6 of its levels.
You also visited: Sewer.

You collected 297 gold pieces.

Inventory:

Hand Weapons
 a - a +2 shortbow
 g - a +0 dagger (weapon)
Missiles
 b - 102 arrows
Armour
 e - a +0 robe (worn)
 j - a +0 plate armour
Jewellery
 p - an amulet of rage (around neck)
 w - a ring of magical power (right hand)
 x - a ring of see invisible (left hand)
Wands
 d - a wand of random effects (15)
 r - a wand of iceblast (5)
Scrolls
 h - a scroll of fog
 k - a scroll of enchant armour
 m - a scroll of fear
 o - 4 scrolls of remove curse
 s - a scroll of teleportation
Potions
 c - 3 potions of lignification
 i - a potion of heal wounds
 l - 3 potions of curing
 n - 2 potions of degeneration
 t - 2 potions of might
 v - 2 potions of flight
Comestibles
 f - 16 rations


   Skills:
 + Level 6.0 Fighting
 + Level 4.7 Bows
 + Level 4.0 Armour
 + Level 4.5 Stealth
 - Level 3.1 Evocations


You had 6 spell levels left.
You didn't know any spells.
Your spell library was empty.

Dungeon Overview and Level Annotations

Branches:
Dungeon (7/15)
 Temple: D:4-7

Altars:
Dithmenos
Gozag
Makhleb
Okawaru
Ru
Sif Muna
Vehumet


Innate Abilities, Weirdness & Mutations

You are resistant to torment.
Your stone body is resilient. (AC +4)
You are immune to poison.
You resist negative energy. (rN+)
You are resistant to electric shocks. (rElec)
You can survive without breathing.
You are immune to petrification.
You are immune to rotting.
You have large cloven feet.
You are partially covered in yellow scales. (AC +2)
You are robust. (+10% HP)


Message History

The orc barely misses you. The orc warrior closely misses you.
You hit the orc warrior but do no damage.
You kick the orc warrior, but do no damage.
The orc warrior is heavily wounded.
The orc hits you from afar with a spear.
* * * LOW HITPOINT WARNING * * *
Wield which item (- for none, * to show all)? (? for menu, Esc to quit)
Okay, then.
You completely miss the orc warrior. Your kick misses the orc warrior.
The orc warrior is heavily wounded.
The orc warrior zaps a wand.
The puff of flame misses you. The orc barely misses you.
You hit the orc warrior but do no damage.
The orc warrior is heavily wounded.
The orc warrior zaps a wand.
The puff of flame misses you. The orc completely misses you.
You barely miss the orc warrior.
The orc warrior is heavily wounded.
The orc warrior zaps a wand.
The puff of flame hits you!
You die...

#...#
#.....######
#.#†###....##
#.##.<.##.##
#.###)####.#
#.# #(..##÷##
#.# #######.#
#.# #.).# #
#.# #.§.# #@#
#...# #o#
#####


oo# .o## #.( ##( #( .( You could see an orc warrior, an orc priest and 2 orcs.

Vanquished Creatures
  An ogre (D:7)
  A phantom (D:4)
  A big kobold (Sewer)
  A scorpion (D:5)
  2 crimson imps (D:5)
  2 iguanas
  A jelly (D:5)
  2 worker ants
  A river rat (Sewer)
  6 adders
  5 gnolls
  A shadow imp (D:5)
  An ooze (D:1)
  6 worms
  A dart slug (D:2)
  2 leopard geckos (D:2)
  5 orcs
  3 bats
  5 giant cockroaches
  5 goblins
  8 hobgoblins
  8 jackals
  3 quokkas
  2 ball pythons
  4 frilled lizards
  5 kobolds
  A leopard gecko zombie (D:2)
  A quokka zombie (D:5)
  12 rats
96 creatures vanquished.

Notes
Turn   | Place    | Note
-------+----------+-------------------------------------------
     0 | D:1      | Lew the Gargoyle Wanderer began the quest for the Orb.
     0 | D:1      | Lew set off with: a +2 shortbow, 24 arrows, a potion of lignification, a wand of random effects (15), a +0 robe, a ration
     0 | D:1      | Reached XP level 1. HP: 16/16 MP: 1/1
   234 | D:1      | Reached XP level 2. HP: 20/20 MP: 2/2
   312 | D:1      | Reached XP level 3. HP: 24/24 MP: 2/4
   938 | D:2      | Reached XP level 4. HP: 30/30 MP: 5/5
  1037 | D:2      | Found a faded altar of an unknown god.
  1612 | D:3      | Found a radiant altar of Vehumet.
  1707 | D:3      | Found a burning altar of Makhleb.
  1778 | D:3      | Found a shadowy altar of Dithmenos.
  2179 | D:3      | Found a sacrificial altar of Ru.
  2195 | D:3      | Became a worshipper of Dithmenos the Shadowed
  2267 | D:4      | Found a deep blue altar of Sif Muna.
  2317 | D:4      | Found a glowing drain.
  2462 | Sewer    | Entered a sewer
  2463 | Sewer    | Reached XP level 5. HP: 34/34 MP: 6/6
  2472 | Sewer    | Reached skill level 5 in Fighting
  2535 | Sewer    | Noticed a big kobold
  2554 | Sewer    | Killed a big kobold
  2599 | Sewer    | Found a white marble altar of Elyvilon.
  2876 | D:4      | Noticed a phantom
  2943 | D:4      | Killed a phantom
  2943 | D:4      | Reached XP level 6. HP: 40/40 MP: 7/7
  3257 | D:5      | Entered Level 5 of the Dungeon
  3458 | D:5      | Reached XP level 7. HP: 44/44 MP: 9/9
  3477 | D:5      | Reached * piety under Dithmenos
  3580 | D:5      | Found an opulent altar of Gozag.
  3590 | D:5      | Found an iron altar of Okawaru.
  3798 | D:5      | You fall through a shaft for 2 floors!
  3799 | D:7      | Gained mutation: You have large cloven feet. [potion of mutation]
  3799 | D:7      | Gained mutation: You are partially covered in yellow scales. (AC +2) [potion of mutation]
  3799 | D:7      | Gained mutation: You are robust. (+10% HP) [potion of mutation]
  4471 | D:7      | Reached skill level 6 in Fighting
  4509 | D:7      | HP: 1/50 [orc/spear (5)]
  4512 | D:7      | Killed from afar by an orc warrior

Skill      XL: |  1  2  3  4  5  6  7 |
---------------+----------------------+-----
Stealth        | 2 3 4 |  4.5
Armour         | 2 3 4 |  4.0
Evocations     | 2 3 |  3.1
Fighting       | 5 6 |  6.0
Bows           | 4 |  4.7

Action                   |  1- 3 |  4- 6 |  7- 9 || total
-------------------------+-------+-------+-------++-------
Melee: Shortbow          |       |     8 |     7 ||    15
       Dagger            |       |       |    19 ||    19
       Kick              |       |       |     5 ||     5
 Fire: Shortbow          |    76 |   187 |    57 ||   320
  Use: Scroll            |     3 |     9 |     1 ||    13
       Potion            |       |     7 |     1 ||     8
  Eat: Ration            |       |     2 |     1 ||     3
       Chunk             |       |     1 |       ||     1
Armor: Robe              |     7 |    26 |    37 ||    70
Dodge: Dodged            |     3 |    41 |    88 ||   132
